 Dungeon Crawl Stone Soup version 0.18-a0-1589-g520a787 (webtiles) character file.

1140 Geeful the Changer (level 8, 0/48 HPs)
             Began as an Octopode Transmuter on Mar 19, 2016.
             Slain by a centaur (6 damage)
             ... on level 5 of the Dungeon.
             The game lasted 00:25:58 (7789 turns).

Geeful the Changer (Octopode Transmuter)            Turns: 7789, Time: 00:25:59

Health: 0/48       AC:  2    Str: 10    XL:     8   Next: 37%
Magic:  11/17      EV: 20    Int: 15    God:
Gold:   202        SH:  0    Dex: 19    Spells: 3 memorised, 14 levels left

rFire  . . .     SeeInvis .       - Unarmed
rCold  . . .     Gourm    .     (shield currently unavailable)
rNeg   . . .     Faith    .     (helmet currently unavailable)
rPois  x         Spirit   .     (no amulet)
rElec  .         Dismiss  .     m - ring of stealth
rCorr  .         Reflect  .     (no ring)
SustAt .         Harm     .     (no ring)
MR     .....                    (no ring)
Stlth  +++.......               (no ring)
                                (no ring)
                                (no ring)
                                (no ring)

@: spider-form, very slightly contaminated, not resistant to hostile
enchantments, fairly stealthy
A: almost no armour, (amphibious), 8 rings, (constrict 8), (camouflage 0),
(gelatinous body 0)
a: End Transformation


You were on level 5 of the Dungeon.
You were hungry.
You were a venomous arachnid creature.
You visited 2 branches of the dungeon, and saw 6 of its levels.

You collected 202 gold pieces.

Inventory:

Hand Weapons
 g - a +0 scimitar
 x - a +0 dagger of venom (melded)
Missiles
 a - 26 arrows
 j - 8 poisoned tomahawks (quivered)
 l - 28 arrows of flame
 p - 23 poisoned needles
Jewellery
 d - an uncursed ring of ice
 m - a ring of stealth (left front leg)
Wands
 w - a wand of slowing (18/48)
Scrolls
 k - a scroll of enchant armour {unknown}
 n - 4 scrolls of identify
 s - a scroll of recharging {unknown}
 u - a scroll of remove curse {unknown}
 v - 2 scrolls of enchant weapon
 y - a scroll of magic mapping
 z - a scroll of fear
Potions
 e - a potion of flight {unknown}
 f - a potion of curing
 h - a potion of lignification
 o - a potion of cancellation {unknown}
 q - a potion of haste {unknown}
 r - a potion of cure mutation {unknown}
 t - a potion of heal wounds {unknown}
Books
 b - a book of Changes

   Spells                             Type                      Level
   a - Beastly Appendage              Transmutation                1
   b - Sticks to Snakes               Transmutation                2
   c - Spider Form                    Transmutation/Poison         3
   d - Ice Form                       Ice/Transmutation            4
   e - Blade Hands                    Transmutation                5
Comestibles
 c - 7 bread rations
 i - a meat ration


   Skills:
 - Level 1.0 Fighting
 - Level 2.0 Dodging
 - Level 3.0 Unarmed Combat
 + Level 6.5 Spellcasting
 + Level 7.0 Transmutations


You had 14 spell levels left.
You knew the following spells:

 Your Spells              Type           Power        Failure   Level  Hunger
a - Beastly Appendage     Trmt           ####..       4%          1    None
b - Spider Form           Trmt/Pois      ###.......   28%         3    ##.....
c - Sticks to Snakes      Trmt           ####....     6%          2    #......


Dungeon Overview and Level Annotations

Branches:
Dungeon (5/15)             Temple (1/1) D:4

Altars:
Ashenzari
Cheibriados
Elyvilon
Fedhas
Kikubaaqudgha
Makhleb
Qazlal
Ru
Sif Muna
Vehumet
Xom
Zin


Innate Abilities, Weirdness & Mutations

You cannot wear most types of armour.
((You are amphibious.))
You can wear up to eight rings at the same time.
((You can use your tentacles to constrict eight enemies at once.))
((Your skin changes colour to match your surroundings (Stealth).))
((Your rubbery body absorbs attacks (AC +1).))


Message History

Casting: Spider Form
Confirm with . or Enter, or press ? or * to list all spells.
You miscast Spider Form.
You are very lightly contaminated with residual magic.
The air around you crackles with energy!
The centaur shoots an arrow.
The arrow hits you!
The centaur shoots an arrow.
The arrow closely misses you.
The centaur unwields an uncursed shortbow.
The centaur hits you.
* * * LOW HITPOINT WARNING * * *
There is an open door here.
Casting: Spider Form
Confirm with . or Enter, or press ? or * to list all spells.
You turn into a venomous arachnid creature.
Your +0 dagger of venom melds into your body.
Your +0 dagger of venom stops dripping with poison.
The centaur hits you!
* * * LOW HITPOINT WARNING * * *
The centaur hits you.
You die...

#.#.##..#####.##.##.[.# #
#.#.##..# #.##.######
#.#.##..#####.##.#
#.#.##........##+##
#.......#######...#
###.##### #.....#########
#.##.## #...)...........
#.#...####.........####...
#..(....(sc........+......
#.#...####.........####...
#.##.## #........# #....
#.#### #.....#.# #..## #.#
#...##<###..## #..
#+###........ ##.
#####.... #.### #.#


You could see a centaur.

Vanquished Creatures
  Duvessa (D:4)
  A sky beast (D:5)
  2 ogres (D:4)
  Blork the orc (D:4)
  Dowan (D:4)
  5 wights (D:5)
  A crimson imp (D:4)
  Crazy Yiuf (D:4)
  3 orc priests (D:4)
  An orc wizard (D:4)
  Robin (D:4)
  4 gnolls (D:4)
  4 adders
  2 worms (D:2)
  2 giant geckos
  13 orcs
  2 giant cockroaches
  14 goblins
  11 hobgoblins
  3 jackals (D:3)
  3 quokkas (D:4)
  2 ball pythons
  5 bats
  A giant cockroach zombie (D:5)
  A giant gecko zombie (D:5)
  8 giant newts
  3 kobolds
  9 rats
105 creatures vanquished.

Vanquished Creatures (collateral kills)
  Sigmund (D:2)
1 creature vanquished.

Grand Total: 106 creatures vanquished

Notes
Turn   | Place    | Note
--------------------------------------------------------------
     0 | D:1      | Geeful the Octopode Transmuter began the quest for the Orb.
     0 | D:1      | Reached XP level 1. HP: 13/13 MP: 3/3
     3 | D:1      | Noticed an electric eel
     3 | D:1      | Noticed an electric eel
   860 | D:1      | Reached XP level 2. HP: 18/18 MP: 5/5
  1488 | D:2      | Found a glowing silver altar of Zin.
  1504 | D:2      | Found a snail-covered altar of Cheibriados.
  1549 | D:2      | Reached XP level 3. HP: 14/23 MP: 6/6
  1928 | D:2      | Reached skill level 3 in Transmutations
  2432 | D:2      | Found a sacrificial altar of Ru.
  2647 | D:2      | Noticed Sigmund
  3266 | D:3      | Reached XP level 4. HP: 14/28 MP: 8/8
  3945 | D:3      | Learned a level 3 spell: Spider Form
  3948 | D:3      | Learned a level 2 spell: Sticks to Snakes
  4096 | D:2      | Killed Sigmund
  4096 | D:2      | Reached skill level 4 in Transmutations
  4096 | D:2      | Reached XP level 5. HP: 25/33 MP: 1/10
  4244 | D:4      | Found a staircase to the Ecumenical Temple.
  4250 | Temple   | Entered the Ecumenical Temple
  4714 | D:4      | Noticed Dowan
  4717 | D:4      | Noticed Duvessa
  5135 | D:4      | Noticed Blork the orc
  5154 | D:4      | Killed Blork the orc
  5154 | D:4      | Reached XP level 6. HP: 8/38 MP: 10/12
  5474 | D:4      | Killed Duvessa
  5474 | D:4      | Reached skill level 5 in Transmutations
  5488 | D:4      | Killed Dowan
  5551 | D:4      | Found a deep blue altar of Sif Muna.
  5559 | D:4      | Reached XP level 7. HP: 37/43 MP: 14/14
  5888 | D:4      | Found a blossoming altar of Fedhas.
  5917 | D:4      | Reached skill level 5 in Spellcasting
  6205 | D:4      | Noticed Crazy Yiuf
  6221 | D:4      | Killed Crazy Yiuf
  6358 | D:4      | Noticed Robin
  6374 | D:4      | Killed Robin
  6476 | D:4      | Reached skill level 6 in Transmutations
  7140 | D:5      | Entered Level 5 of the Dungeon
  7185 | D:5      | Reached XP level 8. HP: 44/48 MP: 15/17
  7631 | D:5      | Reached skill level 7 in Transmutations
  7789 | D:5      | Slain by a centaur

Vault maps used:
D:1:      arrival_aquarium_b
D:2:      kennysheep_big_flooded_room, grunt_temple_overflow_open, uniq_sigmund
D:3:      first_bread, minivault_27, kennysheep_generic_room_13
D:4:      lemuel_doored_altar, fedhas_altar_1, temple_fountains, uniq_duvessa,
          uniq_crazy_yiuf_cottage, uniq_blork_the_orc, uniq_robin
Temple:   temple_island_7

Skill      XL: |  1  2  3  4  5  6  7  8 |
---------------+-------------------------+-----
Transmutations | 3 4 5 6 7 |  7.0
Spellcasting   | 3 4 6 |  6.5
Fighting       | |  1.0
Dodging        | |  2.0
Unarmed Combat | |  3.0

Action                   |  1- 3 |  4- 6 |  7- 9 || total
-------------------------+-------+-------+-------++-------
Melee: Spear             |   133 |    44 |       ||   177
       Unarmed           |     3 |    13 |    66 ||    82
       Dagger            |       |     2 |    34 ||    36
       Scimitar          |       |     1 |    22 ||    23
 Cast: Sticks to Snakes  |       |     7 |       ||     7
       Beastly Appendage |       |     1 |       ||     1
       Spider Form       |       |     3 |    10 ||    13
  Use: Scroll            |     3 |     2 |     2 ||     7
       Potion            |     1 |     2 |       ||     3
 Stab: Sleeping          |     9 |     5 |     3 ||    17
  Eat: Chunk             |     8 |     9 |     5 ||    22
       Pizza             |       |       |     1 ||     1
